 Dungeon Crawl Stone Soup version 0.16-a0-922-gae79c9c (webtiles) character file.

5313 Kashira the Thaumaturge (level 10, 36/36 HPs)
             Began as a Felid Ice Elementalist on Sept 30, 2014.
             Was an Initiate of Yredelemnul.
             Got out of the dungeon alive.
             The game lasted 01:02:27 (20824 turns).

Kashira the Thaumaturge (Felid Ice Elementalist)   Turns: 20824, Time: 01:02:27

HP  36/36        AC  2     Str  7      XL: 10   Next: 37%
MP  31/31        EV 20     Int 16      God: Yredelemnul [......]
Gold 532         SH  0     Dex 16      Spells:  6 memorised, 12 levels left
Lives: 0, deaths: 3

rFire  + . .     SeeInvis +     (weapon unavailable)
rCold  . . .     Clarity  .     (armour unavailable)
rNeg   . . .     rCorr    .     (shield unavailable)
rPois  +         rRot     .     (helmet unavailable)
rElec  .         Spirit   .     (cloak unavailable)
SustAb .         Warding  .     (gloves unavailable)
rMut   .         Stasis   .     (boots unavailable)
Gourm  .                        w - amulet of rage
MR     +....                    u - cursed ring of protection from fire
                                z - ring of wizardry

@: quick, somewhat resistant to hostile enchantments, fairly stealthy
A: paw claws, no armour, no weapons or thrown items, fangs 3, see invisible,
carnivore 3, dopey 1, speed 1, frail 1, poison resistance, shaggy fur 2, slow
metabolism 1, jump 2
a: Jump Attack, Renounce Religion, Evoke Berserk Rage


You escaped.
You worshipped Yredelemnul.
Yredelemnul was noncommittal.
You were not hungry.

You visited 2 branches of the dungeon, and saw 11 of its levels.

You collected 532 gold pieces.

Inventory:

Magical devices
 e - a wand of cold (1)
 l - a wand of polymorph (9)
 m - a wand of teleportation (4)
 x - a wand of random effects (0)
Comestibles
 c - 2 meat rations
 f - 2 beef jerkies
 j - a royal jelly
Scrolls
 g - 3 scrolls of magic mapping
 k - a scroll of fog
 o - 5 scrolls of remove curse
 p - a scroll of noise
 r - 8 scrolls of identify
Jewellery
 q - an uncursed ring of positive energy
 u - a cursed ring of protection from fire (right paw)
 v - an uncursed ring of sustain abilities
 w - an amulet of rage (around neck)
 z - a ring of wizardry (left paw)
Potions
 a - a potion of might
 d - 3 potions of haste
 h - a potion of curing
 i - a potion of restore abilities
 n - 3 potions of cure mutation
 s - a potion of heal wounds
 t - 2 potions of brilliance
Books
 b - a book of Frost

   Spells                             Type                      Level
   *Freeze                            Ice                          1
   *Throw Frost                       Conjuration/Ice              2
   *Ozocubu's Armour                  Charms/Ice                   3
   *Throw Icicle                      Conjuration/Ice              4
   *Summon Ice Beast                  Ice/Summoning                4
   *Condensation Shield               Ice                          4
Miscellaneous
 y - a disc of storms


   Skills:
 + Level 2.2 Fighting
 + Level 5.4 Dodging
 - Level 3.1 Stealth
 + Level 10.6 Spellcasting
 + Level 6.7 Conjurations
 + Level 1.2 Charms
 + Level 1.6 Summonings
 + Level 10.1 Ice Magic
 + Level 1.6 Evocations


You had 12 spell levels left.
You knew the following spells:

 Your Spells              Type           Power        Failure   Level  Hunger
a - Freeze                Ice            ####         1%          1    None
b - Throw Frost           Conj/Ice       #####.       1%          2    None
c - Ozocubu's Armour      Chrm/Ice       ####....     1%          3    None
d - Condensation Shield   Ice            #####.....   1%          4    ###....
e - Throw Icicle          Conj/Ice       #####...     1%          4    ###....
f - Summon Ice Beast      Ice/Summ       ####....     4%          4    ###....


Dungeon Overview and Level Annotations

Branches:
Dungeon (10/15)            Temple (1/1) D:6
    Orc: D:9-12        Lair: D:8-11

Altars:
Ashenzari
Cheibriados
Dithmenos
Elyvilon
Fedhas
Gozag
Kikubaaqudgha
Makhleb
Nemelex Xobeh
Okawaru
Qazlal
Ru
Sif Muna
Trog
Vehumet
Xom
Yredelemnul
Zin
The Shining One
Jiyva

Shops:
D:7 =   D:8 =

Annotations:
D:3 Sigmund
D:7 exclusion: statue
D:8 Gastronok
D:9 SkaryMonk's ghost, experienced FoVM


Innate Abilities, Weirdness & Mutations

You cannot wear armour.
You are incapable of wielding weapons or throwing items.
Your paws have sharp claws.
You have razor-sharp teeth.
You have supernaturally acute eyesight.
You are carnivorous and can eat meat at any time.
You cover ground quickly.
You are covered in thick fur (AC +2).
You have a slow metabolism.
You can jump attack at a medium distance.
You are dopey. (Int -2)
You are frail (-10% HP).
Your system is resistant to poisons.


Message History

The magic dart hits you!
There is an open door here.
There is a stone staircase leading up here.
You climb upwards.
There is a stone staircase leading down here.
(D) Dungeon (T) Temple
Where to? (Enter - D:1, ? - help)
There is a stone staircase leading up here.
You climb upwards.
There is a stone staircase leading down here.
Magic restored.
HP restored.
You see here a club.
Things that are here:
a club x2
There is a staircase leading out of the dungeon here.
Are you sure you want to leave the Dungeon?
This will make you lose the game!
Alright, then stay!
Are you sure you want to leave the Dungeon?
This will make you lose the game!
You have escaped!

...........[..# #####.#
#
....#.#######.####...#.#
# ..#.#.# #.#..#.#.#.# #
#.#...#########.##.###.#
# #.###......#
#........# #
#..........# ####.....#
# #####......#
#.).....## # #......#
#)##.#### #......#
#.@#.#.# #......#
####...# #......# #####
#......# #......#
#......# #......#
#......### ##.......#


There were no monsters in sight!

Vanquished Creatures
  The ghost of hunterx7d the Cruncher, a powerful MiMo of Lugonu (D:10)
  Pikel (D:8)
  Psyche (D:9)
  A centaur skeleton (D:6)
  2 trolls
  A two-headed ogre (D:10)
  4 wandering mushrooms (D:10)
  A deep elf mage (D:9)
  Grum (D:8)
  A hippogriff (D:10)
  A steam dragon (D:7)
  2 hungry ghosts
  A tengu zombie (D:10)
  Menkaure (D:6)
  4 wolves (D:8)
  3 water moccasins
  3 orc warriors
  6 ogres
  3 black bears
  2 necrophages
  4 slaves (D:8)
  2 phantoms
  3 ice beasts
  2 sky beasts
  5 centaurs
  3 giant frogs
  Blork the orc (D:7)
  3 gnoll sergeants
  2 big kobolds (D:9)
  9 killer bees
  5 jellies
  2 scorpions
  2 oklob saplings (D:10)
  A wyvern skeleton (D:10)
  3 goliath beetles
  A giant frog zombie (D:10)
  6 hounds
  A crimson imp (D:3)
  A quasit (D:7)
  4 iguanas
  A giant frog skeleton (D:9)
  13 worker ants
  2 orc priests
  An elf skeleton (D:10)
  3 orc wizards
  Jessica (D:3)
  A mummy (D:10)
  20 gnolls
  2 orc zombies
  A gnoll zombie (D:10)
  12 adders
  2 giant mites
  A worm (D:3)
  9 giant geckos
  3 oozes
  27 orcs
  8 giant cockroaches
  24 hobgoblins
  4 jackals (D:6)
  23 kobolds
  4 quokkas
  2 ball pythons
  14 bats
  5 giant newts
  12 goblins
  A kobold zombie (D:5)
  An orc skeleton (D:4)
  A quokka skeleton (D:9)
  16 rats
314 creatures vanquished.

Vanquished Creatures (collateral kills)
  A hill giant (D:10)
  A soldier ant (D:10)
  A black bear (D:10)
  A phantom (D:10)
  A quasit (D:9)
  3 worker ants (D:10)
8 creatures vanquished.

Vanquished Creatures (others)
  7 ice beasts (D:10)
  A hobgoblin (D:9)
8 creatures vanquished.

Grand Total: 330 creatures vanquished

Notes
Turn   | Place    | Note
--------------------------------------------------------------
     0 | D:1      | Kashira, the Felid Ice Elementalist, began the quest for the Orb.
     0 | D:1      | Reached XP level 1. HP: 7/7 MP: 4/4
    23 | D:1      | Reached skill level 3 in Stealth
    23 | D:1      | Reached XP level 2. HP: 1/11 MP: 0/5
   429 | D:1      | Learned a level 2 spell: Throw Frost
   982 | D:1      | Reached XP level 3. HP: 10/14 MP: 0/8
  1542 | D:1      | Reached skill level 1 in Conjurations
  1729 | D:1      | Learned a level 3 spell: Ozocubu's Armour
  1835 | D:2      | Found a shimmering altar of Xom.
  2152 | D:2      | Reached XP level 4. HP: 18/18 MP: 1/11
  2266 | D:2      | Found an ancient bone altar of Kikubaaqudgha.
  2480 | D:2      | Found an iron altar of Okawaru.
  2481 | D:2      | Found a bloodstained altar of Trog.
  2549 | D:3      | Noticed a centaur
  2616 | D:3      | Found a white marble altar of Elyvilon.
  2941 | D:3      | Noticed Sigmund
  3135 | D:3      | Slain by a centaur
  3136 | D:3      | Reached XP level 3. HP: 0/14 MP: 3/9
  3247 | D:3      | Noticed Jessica
  3254 | D:3      | Killed Jessica
  3406 | D:3      | Reached XP level 4. HP: 18/18 MP: 4/12
  4038 | D:4      | Reached XP level 5. HP: 21/21 MP: 1/14
  4259 | D:4      | Noticed an ogre
  4267 | D:4      | Killed an ogre
  4267 | D:4      | Reached skill level 4 in Spellcasting
  4554 | D:4      | Gained mutation: You are covered in thick fur (AC +2). [growing up]
  4554 | D:4      | Gained mutation: You can jump attack at a medium distance. [growing up]
  4554 | D:4      | Reached XP level 6. HP: 20/25 MP: 6/18
  4877 | D:4      | Noticed a phantom
  4888 | D:4      | Learned a level 4 spell: Condensation Shield
  5105 | D:4      | Found a glowing silver altar of Zin.
  5312 | D:4      | Reached skill level 1 in Fighting
  5637 | D:5      | Entered Level 5 of the Dungeon
  5808 | D:5      | Noticed a water moccasin
  5815 | D:5      | Killed a water moccasin
  5815 | D:5      | Reached skill level 5 in Spellcasting
  5815 | D:5      | Reached XP level 7. HP: 28/28 MP: 5/21
  5977 | D:5      | Reached skill level 5 in Ice Magic
  6269 | D:5      | Learned a level 4 spell: Throw Icicle
  6565 | D:5      | Reached skill level 6 in Spellcasting
  6680 | D:5      | Found a shattered altar of Ashenzari.
  7007 | D:5      | Reached XP level 8. HP: 32/32 MP: 19/24
  8558 | D:6      | Noticed a centaur skeleton
  8843 | D:6      | Killed a centaur skeleton
  8843 | D:6      | Reached skill level 7 in Spellcasting
  9220 | D:6      | Noticed Menkaure
  9223 | D:6      | Reached XP level 9. HP: 29/35 MP: 17/27
  9226 | D:6      | Killed Menkaure
  9354 | D:6      | Found a staircase to the Ecumenical Temple.
  9375 | Temple   | Entered the Ecumenical Temple
  9979 | D:7      | Found a shimmering altar of Xom.
  9982 | D:7      | Noticed Blork the orc
 10041 | D:7      | Killed Blork the orc
 10215 | D:7      | Found Iliannus' Jewellery Shoppe.
 10235 | D:7      | Found a radiant altar of Vehumet.
 11236 | D:7      | Found a sparkling altar of Nemelex Xobeh.
 11331 | D:7      | Reached skill level 8 in Spellcasting
 11534 | D:7      | Reached skill level 5 in Conjurations
 11670 | D:7      | Reached skill level 1 in Evocations
 11808 | D:7      | Found a sacrificial altar of Ru.
 13019 | D:8      | Found a snail-covered altar of Cheibriados.
 13031 | D:8      | Found Vaunau's Jewellery Shop.
 13213 | D:8      | Noticed Pikel
 13433 | D:8      | Noticed Gastronok
 13841 | D:8      | Noticed Grum
 14030 | D:8      | Reached XP level 10. HP: 36/39 MP: 4/29
 14033 | D:8      | Reached skill level 1 in Charms
 14376 | D:8      | Killed Pikel
 14376 | D:8      | Reached skill level 9 in Spellcasting
 15107 | D:8      | Killed Grum
 15252 | D:7      | Noticed a purple ugly thing
 15252 | D:7      | Found an ancient bone altar of Kikubaaqudgha.
 15602 | D:9      | Noticed Psyche
 15609 | D:9      | Killed Psyche
 16132 | D:9      | Reached skill level 5 in Dodging
 16238 | D:9      | Found a shadowy altar of Dithmenos.
 16251 | D:9      | Learned a level 4 spell: Summon Ice Beast
 16453 | D:9      | Noticed SkaryMonk's ghost (experienced FoVM)
 17232 | D:9      | Found a basalt altar of Yredelemnul.
 17250 | D:9      | Became a worshipper of Yredelemnul the Dark
 17326 | D:9      | Killed themself with a badly aimed orb of electricity
 17327 | D:9      | Reached XP level 9. HP: -1/36 MP: 13/29
 17504 | D:9      | Slain by an orc warrior
 17505 | D:9      | Reached XP level 8. HP: -3/33 MP: 24/27
 17623 | D:10     | Entered Level 10 of the Dungeon
 17806 | D:10     | Noticed hunterx7d's ghost (powerful MiMo)
 17852 | D:10     | Killed hunterx7d's ghost
 17852 | D:10     | Reached skill level 10 in Spellcasting
 17852 | D:10     | Reached XP level 9. HP: 36/36 MP: 1/29
 18030 | D:10     | Noticed a troll
 18048 | D:10     | Killed a troll
 19003 | D:10     | Reached skill level 1 in Summonings
 19268 | D:10     | Gained mutation: You are dopey. (Int -2) [mutagenic meat]
 19269 | D:10     | Gained mutation: You are frail (-10% HP). [mutagenic meat]
 19270 | D:10     | Gained mutation: Your system is resistant to poisons. [mutagenic meat]
 19310 | D:10     | Noticed a hill giant
 19357 | D:10     | Killed a hill giant
 19357 | D:10     | Reached skill level 10 in Ice Magic
 19357 | D:10     | Reached XP level 10. HP: 36/36 MP: 14/31
 19562 | D:10     | Noticed a wandering mushroom
 19565 | D:10     | Killed a wandering mushroom
 19620 | D:10     | Noticed a wandering mushroom
 19630 | D:10     | Killed a wandering mushroom
 19782 | D:10     | Found a blossoming altar of Fedhas.
 19782 | D:10     | Noticed a wandering mushroom
 19782 | D:10     | Noticed a wandering mushroom
 19786 | D:10     | Killed a wandering mushroom
 19830 | D:10     | Killed a wandering mushroom
 20578 | D:10     | Noticed a queen ant
 20693 | D:7      | Noticed a hill giant
 20824 | D:$      | Got out of the dungeon alive.

Action                   |  1- 3 |  4- 6 |  7- 9 | 10-12 || total
-------------------------+-------+-------+-------+-------++-------
Melee: Unarmed           |    39 |     6 |    31 |    19 ||    95
 Cast: Freeze            |    19 |    60 |   117 |    46 ||   242
       Throw Frost       |    53 |    80 |   144 |    39 ||   316
       Ozocubu's Armour  |       |     4 |     9 |     4 ||    17
       Condensation Shie |       |     2 |     9 |     5 ||    16
       Throw Icicle      |       |       |   192 |   115 ||   307
       Summon Ice Beast  |       |       |    23 |     9 ||    32
 Abil: Jump Attack       |       |     1 |     4 |     3 ||     8
Evoke: Wand              |       |     1 |    22 |     6 ||    29
       Disc of storms    |       |       |       |     1 ||     1
  Use: Scroll            |     3 |     2 |    17 |     2 ||    24
       Potion            |       |     1 |     2 |     3 ||     6
 Stab: Sleeping          |     1 |       |     1 |       ||     2
       Distracted        |       |       |     1 |       ||     1
  Eat: Chunk             |    15 |    12 |    52 |    13 ||    92
